 Dungeon Crawl Stone Soup version 0.27-a0-237-g52650a7530 (webtiles) character file.

Game seed: 13237216991111143680

3236 Baz the Skirmisher (level 9, -2/64 HPs)
             Began as an Octopode Wanderer on Feb 2, 2021.
             Was a Follower of Okawaru.
             Slain by a two-headed ogre
             ... wielding a +0 giant club
              (10 damage)
             ... on level 8 of the Dungeon.
             The game lasted 00:22:29 (10175 turns).

Baz the Skirmisher (Octopode Wanderer)             Turns: 10175, Time: 00:22:30

Health: -2/64      AC:  1    Str: 14    XL:     9   Next: 98%
Magic:  18/18      EV: 14    Int: 15    God:    Okawaru [*.....]
Gold:   390        SH:  5    Dex: 11    Spells: 8/8 levels left

rFire    . . .     SeeInvis .   a - +2 hand crossbow
rCold    . . .     Faith    .   C - +0 buckler
rNeg     . . .     Spirit   .   (helmet restricted)
rPois    .         Reflect  .   v - amulet of the acrobat
rElec    .         Harm     .   i - ring of wizardry
rCorr    .         Rampage  .   z - ring of magical power
Will     .....                  (no ring)
Stlth    +++.......             (no ring)
HPRegen  0.20/turn              (no ring)
MPRegen  0.16/turn              (no ring)
                                (no ring)
                                (no ring)

@: no status effects
A: almost no armour, stealthy swim, amphibious, 8 rings, constrict 8, camouflage
1, gelatinous body 1
a: Renounce Religion, Heroism


You were on level 8 of the Dungeon.
You worshipped Okawaru.
Okawaru was aware of your devotion.
You visited 2 branches of the dungeon, and saw 9 of its levels.

You collected 390 gold pieces.

Inventory:

Hand Weapons
 a - a +2 hand crossbow (weapon)
 b - a +0 dagger of electrocution
 r - a +0 mace of draining
Missiles
 m - 15 bolts (quivered ammo)
Armour
 C - a +0 buckler (worn)
 F - a cursed +0 kite shield
Jewellery
 i - a ring of wizardry (left tentacle)
 u - an uncursed ring of ice
 v - an amulet of the acrobat (around mantle)
 x - an uncursed amulet of faith {unknown}
 z - a ring of magical power (right tentacle)
Wands
 y - a wand of iceblast (18)
 H - a wand of paralysis (4)
 J - a wand of polymorph (7)
Scrolls
 d - 8 scrolls of teleportation
 f - 6 scrolls of remove curse
 g - 7 scrolls of identify
 j - 5 scrolls of enchant weapon
 o - 4 scrolls of enchant armour
 t - 2 scrolls of amnesia {unknown}
 A - a scroll of vulnerability {unknown}
 D - a scroll of fog {unknown}
 G - a scroll of holy word {unknown}
Potions
 c - 7 potions of curing
 e - a potion of lignification {unknown}
 h - a potion of brilliance
 k - a potion of cancellation {unknown}
 l - a potion of magic {unknown}
 n - 2 potions of flight {unknown}
 p - 2 potions of attraction
 q - 3 potions of heal wounds {unknown}
 s - a potion of resistance {unknown}
 w - a potion of berserk rage {unknown}
 B - a potion of degeneration {unknown}
 E - a potion of haste {unknown}
 I - a potion of might


   Skills:
 + Level 7.4 Fighting
 + Level 6.3 Short Blades
 - Level 2.3 Maces & Flails
 + Level 7.4 Crossbows
 - Level 1.0 Throwing
 - Level 4.3 Dodging
 - Level 1.3 Stealth
 + Level 5.3 Shields


You had 8 spell levels left.
You didn't know any spells.
Your spell library was empty.

Dungeon Overview and Level Annotations

Branches:
Dungeon (8/15)             Temple (1/1) D:5
   Lair: D:8-11

Altars:
Ashenzari
Cheibriados
Dithmenos
Elyvilon
Fedhas
Gozag
Hepliaklqana
Kikubaaqudgha
Makhleb
Nemelex Xobeh
Okawaru
Qazlal
Ru
Sif Muna
Trog
Uskayaw
Vehumet
Wu Jian
Xom
Yredelemnul
Zin
The Shining One

Annotations:
D:2 1 runed translucent door, Crazy Yiuf


Innate Abilities, Weirdness & Mutations

You cannot wear most types of armour.
You are very stealthy in the water. (Stealth+)
You are amphibious.
You can wear up to eight rings at the same time.
You can use your tentacles to constrict eight enemies at once.
Your skin changes colour to match your surroundings (Stealth+).
Your rubbery body absorbs attacks. (AC +1, EV +1)


Message History

You kill the leopard gecko!
Okawaru accepts your kill.
Unknown command.
Fire: 17 bolts
Press: ? - help, Q - select action, (/) - cycle Shift-Dir - straight line, f/p - two-headed ogre
Aim: a two-headed ogre, wielding two +0 giant clubs (severely wounded, 80% to hit)
You shoot a bolt.
The bolt hits the two-headed ogre but does no damage.
The two-headed ogre is severely wounded.
Unknown command.
Fire: 16 bolts
Press: ? - help, Q - select action, (/) - cycle Shift-Dir - straight line, f/p - two-headed ogre
Aim: a two-headed ogre, wielding two +0 giant clubs (severely wounded, 80% to hit)
You shoot a bolt.
The bolt hits the two-headed ogre but does no damage.
The two-headed ogre is severely wounded.
The two-headed ogre hits you with a +0 giant club!
* * * LOW HITPOINT WARNING * * *
The two-headed ogre hits you with a +0 giant club!
You die...

############
#......#....
#......#....
####......#.>..
#######.........#...#
#.......#####..##...#
#.#####.#####..##...#
#...@O(..............
#..####.####.........
#..# #.# #.#'##...#
#..# ##.## #...######
#..###...###...##...#
#......_..........>..
##.###...###..)<....#
#.# ##.## #(..######
#.# #.# #.#.#


You could see a two-headed ogre.

Vanquished Creatures
  A troll (D:7)
  Grum (D:8)
  Edmund (D:4)
  An orc warrior (D:7)
  An ice beast (D:6)
  2 sky beasts (D:6)
  3 ogres
  2 wolves
  A centaur (D:6)
  3 phantoms
  Blork the orc (D:5)
  A big kobold (D:7)
  2 bullfrogs
  3 jellies
  2 scorpions
  4 killer bees (D:8)
  A wight (D:6)
  2 howler monkeys (D:7)
  3 hounds
  2 bullfrog zombies
  3 orc priests (D:7)
  A centaur skeleton (D:6)
  A bullfrog skeleton (D:5)
  3 iguanas
  2 orc wizards (D:6)
  7 worker ants
  A hound skeleton (D:7)
  A worker ant zombie (D:6)
  12 gnolls
  5 adders
  A shadow imp (D:6)
  2 white imps
  2 ufetubi
  2 oozes
  An adder zombie (D:3)
  3 worms
  A dart slug (D:1)
  8 leopard geckos
  15 orcs
  6 bats
  4 giant cockroaches
  4 goblins
  5 hobgoblins
  2 jackals (D:4)
  8 kobolds
  4 quokkas
  A ball python (D:2)
  7 frilled lizards
  A jackal skeleton (D:7)
  A jackal zombie (D:5)
  A leopard gecko zombie (D:5)
  A quokka skeleton (D:4)
  3 rats
156 creatures vanquished.

Notes
Turn   | Place    | Note
-------+----------+-------------------------------------------
     0 | D:1      | Baz the Octopode Wanderer began the quest for the Orb.
     0 | D:1      | Baz set off with the following items: a +2 hand crossbow,
                  | 28 bolts, a potion of curing, a scroll of teleportation
     0 | D:1      | Reached XP level 1. HP: 16/16 MP: 1/1
   264 | D:1      | Reached XP level 2. HP: 21/21 MP: 2/2
   858 | D:1      | Reached skill level 1 in Dodging
  1099 | D:2      | Reached XP level 3. HP: 26/26 MP: 3/3
  1686 | D:2      | Found a runed translucent door.
  1687 | D:2      | Noticed Crazy Yiuf
  1806 | D:3      | Reached XP level 4. HP: 19/31 MP: 4/4
  2224 | D:3      | Found an opulent altar of Gozag.
  2350 | D:3      | Reached skill level 1 in Short Blades
  2492 | D:3      | Found a glowing drain.
  2813 | D:3      | Reached XP level 5. HP: 29/37 MP: 5/5
  3350 | D:4      | Noticed a phantom
  3915 | D:4      | Killed a phantom
  3916 | D:4      | Reached XP level 6. HP: 11/43 MP: 6/6
  4549 | D:5      | Entered Level 5 of the Dungeon
  4551 | D:5      | Noticed Blork the orc
  4553 | D:5      | Found a staircase to the Ecumenical Temple.
  4556 | D:5      | Killed Blork the orc
  4560 | D:5      | Reached XP level 7. HP: 40/49 MP: 7/7
  4622 | Temple   | Entered the Ecumenical Temple
  4645 | D:5      | Noticed Edmund
  4681 | D:4      | Killed Edmund
  5063 | D:5      | Reached skill level 5 in Crossbows
  5069 | D:5      | Reached skill level 5 in Fighting
  5117 | D:5      | Found a shimmering blue altar of Sif Muna.
  5117 | D:5      | Found a burning altar of Makhleb.
  6151 | D:5      | Reached XP level 8. HP: 15/55 MP: 8/8
  6724 | D:6      | Found an ornate altar of the Wu Jian Council.
  6726 | D:6      | Found a blossoming altar of Fedhas.
  6728 | D:6      | Found a sacrificial altar of Ru.
  6731 | D:6      | Reached skill level 1 in Shields
  7329 | D:6      | Found an iron altar of Okawaru.
  7768 | D:6      | Reached XP level 9. HP: 16/62 MP: 9/9
  8118 | D:7      | Reached skill level 5 in Short Blades
  8626 | D:7      | Noticed a troll
  8716 | D:7      | Found a burning altar of Makhleb.
  8716 | D:7      | Noticed a skeletal warrior
  8732 | D:7      | Killed a troll
  8884 | D:6      | Found a shadowy altar of Dithmenos.
  8895 | D:6      | Became a worshipper of Warmaster Okawaru
  8948 | D:7      | Found a basalt altar of Yredelemnul.
  8949 | D:7      | Found a shimmering altar of Xom.
  9061 | D:7      | Reached skill level 5 in Shields
  9116 | D:7      | Noticed a skeletal warrior
  9322 | D:8      | Noticed Grum
  9784 | D:8      | Found a broken altar of Ashenzari.
  9840 | D:8      | Reached * piety under Okawaru
 10127 | D:8      | Killed Grum
 10136 | D:8      | Noticed a two-headed ogre
 10175 | D:8      | Slain by a two-headed ogre

Illustrated notes

Levels and vault maps discovered:
D:1:      scummos_arrival_simple_fountains, layout_loops_cross
D:2:      layout_rooms, uniq_crazy_yiuf_cottage
D:3:      layout_loops_ring, nicolae_gozag_cash_rules_everything_around_me,
          portal_sewer_entry_f, serial_rivers, chequers_serial_rivers_small_a,
          chequers_serial_rivers_room_a, chequers_serial_rivers_small_b,
          chequers_serial_rivers_marsh, chequers_serial_rivers_small_a
D:4:      layout_cave_pools
D:5:      layout_basic, gammafunk_temple_overflow_statue,
          minmay_temple_entry_mini_moons, kennysheep_windowed_goal, uniq_edmund,
          uniq_blork_the_orc
D:6:      minmay_chambers_of_sixes, layout_loops_ring,
          nicolae_overflow_hidden_temple
D:7:      layout_loops_ring, grunt_temple_overflow_open, basic_altar,
          kb_rosetta, uniq_harold, uniq_joseph
D:8:      layout_gridville, nicolae_overflow_crystal_walls, david_lair_generic,
          serial_shops, kennysheep_mini, uniq_grum
Temple:   minmay_freezing_vapour_temple

Skill      XL: |  1  2  3  4  5  6  7  8  9 |
---------------+----------------------------+-----
Dodging        | 1 2 3 4 |  4.3
Short Blades   | 1 2 3 4 6 |  6.3
Fighting       | 4 5 6 7 |  7.4
Crossbows      | 4 5 6 7 |  7.4
Shields        | 3 5 |  5.3
Maces & Flails | |  2.3
Throwing       | |  1.0
Stealth        | |  1.3

Action                   |  1- 3 |  4- 6 |  7- 9 || total
-------------------------+-------+-------+-------++-------
Melee: Unarmed           |    50 |       |       ||    50
       Constrict         |    20 |    21 |    48 ||    89
       Tentacles         |    12 |    17 |    49 ||    78
       Dagger            |    18 |    93 |   284 ||   395
 Fire: Hand crossbow     |     5 |     6 |    25 ||    36
Evoke: Wand              |       |       |     2 ||     2
  Use: Scroll            |       |     5 |     1 ||     6
       Potion            |       |     4 |     2 ||     6
 Stab: Sleeping          |    10 |     5 |     9 ||    24
       Distracted        |       |       |     1 ||     1
Armor: Skin              |     8 |     2 |     4 ||    14
Dodge: Dodged            |    36 |    59 |   162 ||   257
Block: Buckler           |       |       |    20 ||    20

Table legend: (Time is in decaauts)
 A = Elapsed time spent in this place.
 B = Non-inter-level travel time spent in this place.
 C = Inter-level travel time spent in this place.
 D = Time resting spent in this place.
 E = Time spent auto-exploring this place.
 F = Levels seen in this place.
 G = Mean time per level.
                   A        B        C        D        E       F      G
               +--------+--------+--------+--------+--------+-----+--------+
         Total |  10103 |   9836 |    267 |   3839 |   3857 |   9 | 1122.6 |
       Dungeon |  10091 |   9824 |    267 |   3839 |   3857 |   8 | 1261.4 |
        Temple |     11 |     11 |      0 |      0 |      0 |   1 |   11.0 |
               +--------+--------+--------+--------+--------+-----+--------+

Top non-repeatable levels by time:
     D:6: 1904 daAuts
     D:5: 1735 daAuts
     D:3: 1583 daAuts
     D:4: 1400 daAuts
     D:7: 1185 daAuts
     D:1: 1083 daAuts
     D:2: 658 daAuts
     D:8: 539 daAuts
  Temple: 11 daAuts
